 Dungeon Crawl Stone Soup version 0.28.0-1-gb440e238dd (webtiles) character file.

Game seed: 10030805578983653239

61 Snicker the Sneak (level 3, 0/29 HPs)
             Began as a Demonspawn Delver on Feb 22, 2022.
             Succumbed to an adder's poison
             ... on level 5 of the Dungeon.
             The game lasted 00:00:54 (528 turns).

Snicker the Sneak (Demonspawn Delver)                Turns: 528, Time: 00:00:55

Health: 0/29       AC:  3    Str: 12    XL:     3   Next: 83%
Magic:  3/3        EV: 12    Int: 11    God:
Gold:   0          SH:  0    Dex: 16    Spells: 2/2 levels left

rFire   . . .      SeeInvis .   a - +0 short sword
rCold   . . .      Faith    .   (no shield)
rNeg    . . .      Spirit   .   b - +0 leather armour
rPois   .          Reflect  .   (no helmet)
rElec   .          Harm     .   (no cloak)
rCorr   .          Rampage  .   (no gloves)
Will    .....                   (no boots)
Stlth   +++.......              (no amulet)
HPRegen 0.09/turn               (no ring)
MPRegen 0.08/turn               (no ring)

@: lethally poisoned (0 -> -1)
A: powered by pain 1, demonic touch 1
a: no special abilities


You were on level 5 of the Dungeon.
You visited 1 branch of the dungeon, and saw 3 of its levels.

Inventory:

Hand Weapons
 a - a +0 short sword (weapon)
Armour
 b - a +0 leather armour (worn)
Wands
 g - a wand of digging (3)
Scrolls
 c - a scroll of fog
 d - a scroll of magic mapping
 e - a scroll of fear
Potions
 f - a potion of haste


   Skills:
 + Level 3.1 Fighting
 * Level 2.1 Short Blades
 + Level 0.1 Armour
 + Level 1.8 Dodging
 * Level 5.5 Stealth


You had 2 spell levels left.
You didn't know any spells.
Your spell library was empty.

Dungeon Overview and Level Annotations

Branches:
Dungeon (6/15)
 Temple: D:4-7

Altars:


Innate Abilities, Weirdness & Mutations

You sometimes gain a little power by taking damage.
Your touch may inflict minor irresistible damage on your foes.


Message History

You miss the adder. Your touch misses the adder.
The adder is moderately wounded.
You feel sick. The adder barely misses you.
You barely miss the adder.
The adder is moderately wounded.
You feel sick. The adder bites you.
* * * LOW HITPOINT WARNING * * *
The adder closely misses you.
Okay, then.
Unknown command.
Unknown command.
You are lethally poisoned (7 -> 0).
Your movement speed is average.
Your attack delay is about 0.9.
Unknown command.
Unknown command.
You hit the adder.
The adder is almost dead.
* * * LOW HITPOINT WARNING * * *
You feel sick. The adder misses you.
You closely miss the adder.
The adder is almost dead.
* * * LOW HITPOINT WARNING * * *
You feel sick. The adder barely misses you.
You miss the adder.
You touch the adder.
You kill the adder!
* * * LOW HITPOINT WARNING * * *
You feel sick.
* * * LOW HITPOINT WARNING * * *
You feel sick.
* * * LOW HITPOINT WARNING * * *
You feel sick.
You are lethally poisoned (1 -> 0).
Your movement speed is average.
Your attack delay is about 0.9.
Unknown command.
Unknown command.
Unknown command.
As you read the scroll labelled NAWNIU BUDUDGHY, it crumbles to dust.
It is a scroll of identify.
You don't have any unidentified items.
You die...

#.# #...# #######.#
.#..##...####.......#
.^..............##..####
#...............#......
#...............#...#(#
..##...####.##.......#
#...# #.........[# #...#
####.##..... #.@.#
#.##..... #...# .##.....
......# ###..# #.#..<.#
.####(.# #.##...#
#........ . #...#
...###... .# #...# #
#### #. .....


There were no monsters in sight!

Vanquished Creatures
  A bullfrog skeleton (D:6)
  A hound zombie (D:5)
  2 adders (D:5)
4 creatures vanquished.

Notes
Turn   | Place    | Note
-------+----------+-------------------------------------------
     0 | D:5      | Snicker the Demonspawn Delver began the quest for the Orb.
     0 | D:5      | Reached XP level 1. HP: 18/18 MP: 1/1
    27 | D:6      | Reached skill level 5 in Stealth
    27 | D:6      | Gained mutation: Your touch may inflict minor irresistible
                  | damage on your foes. [demonic ancestry]
    27 | D:6      | Reached XP level 2. HP: 16/24 MP: 2/2
    27 | D:6      | Gained mutation: You sometimes gain a little power by
                  | taking damage. [demonic ancestry]
    27 | D:6      | Reached XP level 3. HP: 20/29 MP: 3/3
   527 | D:5      | HP: 1/29 [poisoned by an adder]
   528 | D:5      | Succumbed to an adder's poison

Illustrated notes

Levels and vault maps discovered:
D:4:      layout_basic, zin_purify, serial_shops, nicolae_shop_statue_plus,
          nicolae_shop_statue_plus, nicolae_square_shop,
          nicolae_shop_behind_doors, kennysheep_little_box
D:5:      layout_loops_cross, lemuel_tele_altar, enter_ossuary_4, uniq_menkaure
D:6:      layout_rooms, old_standard_altar, nicolae_wu_jian_immortal_techniques,
          nicolae_ru_the_path_less_chosen, minmay_temple_entry_junction_2,
          hellmonk_ghost_happy_afterlife, kennysheep_generic_room_14

Skill      XL: |  1 |
---------------+----+-----
Short Blades   | 2 |  2.1
Stealth        | 5 |  5.5
Fighting       | |  3.1
Armour         | |  0.1
Dodging        | |  1.8

Action                   || total
-------------------------++-------
Melee: Short sword       ||    35
       Touch             ||     5
  Use: Scroll            ||     1
 Stab: Sleeping          ||     1
Armor: Leather armour    ||     7
Dodge: Dodged            ||    22
